Map: Wolfe Industries Compound

Players

Sundowner - Winner!

  • Race: Zerg Zerg
  • Spawn Location: 3:00

juhyg - Winner!

  • Race: Zerg Zerg
  • League: Bronze
  • Spawn Location: 12:00

A.I. 2 (Easy)

  • Race: Zerg Zerg
  • Spawn Location: 7:00

A.I. 3 (Easy)

  • Race: Terran Terran
  • Spawn Location: 7:00

VOD

Have the link to the VOD?

Description

Time

  • Played on: Feb. 6, 2016, 2:04 a.m.
  • Length: 10:42
Show
View Real Time Build Order
Export as new Build Order

Sundowner Zerg - Winner!

Build Orders: Hatch First, Lurkers 

Get SALT Encoding   

  12  0:01  Drone  
  13  0:12  Overlord  
  13  0:19  Drone  
  14  0:31  Drone x2  
  16  0:36  Drone  
  17  0:56  Hatchery  
  16  1:01  Drone  
  16  1:03  Drone, Extractor  
  17  1:12  Drone  
  17  1:17  Overlord  
  18  1:30  Drone  
  19  1:42  Spawning Pool  
  18  1:48  Drone  
  19  1:57  Drone  
  20  2:11  Drone  
  20  2:12  Drone x2  
  23  2:28  Metabolic Boost  
  23  2:29  Queen  
  25  2:33  Queen  
  25  2:34  Drone, Overlord  
  25  2:35  Drone x2  
  30  2:43  Drone, Overlord  
  31  2:56  Drone  
  31  2:58  Drone  
  33  3:08  Drone  
  33  3:09  Drone  
  35  3:15  Roach Warren  
  34  3:21  Drone  
  34  3:23  Extractor x2  
  34  3:25  Drone, Extractor  
  34  3:27  Drone x2  
  34  3:28  Hatchery  
  34  3:39  Evolution Chamber  
  34  3:40  Evolution Chamber  
  32  3:46  Drone x2  
  32  3:47  Overlord  
  32  3:48  Drone x5  
  39  3:58  Lair  
  39  4:06  Drone x2  
  41  4:15  Zerg Ground Armor Level 1, Zerg Missile Weapons Level 1  
  41  4:27  Drone x2  
  41  4:28  Drone x3, Overlord  
  41  4:29  Drone x3  
  49  4:46  Queen  
  49  4:47  Drone  
  49  4:48  Overlord  
  49  4:49  Drone x4  
  49  4:52  Extractor  
  55  4:53  Extractor  
  55  4:59  Glial Reconstitution  
  54  5:01  Roach x6  
  66  5:11  Hydralisk Den  
  66  5:12  Drone x3  
  68  5:22  Roach x5  
  78  5:36  Hatchery  
  78  5:40  Roach x2  
  78  5:41  Overlord  
  81  5:42  Roach  
  81  5:49  Roach  
  81  5:50  Overlord  
  79  6:06  Roach x2  
  79  6:07  Roach x3  
  89  6:12  Zerg Missile Weapons Level 2  
  89  6:13  Zerg Ground Armor Level 2  
  89  6:15  Lurker Den  
  89  6:25  Tunneling Claws  
  87  6:30  Drone, Overlord x2  
  87  6:31  Drone  
  87  6:32  Drone x5  
  94  6:40  Drone  
  94  6:41  Overlord  
  94  6:43  Overlord x2  
  94  6:46  Pneumatized Carapace  
  95  6:47  Drone  
  95  6:48  Drone  
  97  7:28  Hydralisk x4  
  97  7:29  Hydralisk x5  
  111  7:30  Overlord  
  111  7:31  Drone x2  
  111  7:32  Drone x5  
  111  7:35  Ravager x5  
  127  7:44  Hydralisk x3  
  127  7:46  Drone x3  
  127  7:47  Drone x2, Overlord  
  127  7:48  Drone x4  
  127  7:50  Queen  
  144  8:01  Extractor  
  144  8:04  Extractor  
  140  8:15  Roach  
  140  8:16  Overlord, Roach x3, Hydralisk x2  
  140  8:17  Hydralisk x3  
  140  8:18  Overlord x3, Hydralisk  
  156  8:47  Lurker x2  
  156  8:48  Lurker x2  
  160  8:55  Hydralisk x3  
  160  8:57  Drone x3  
  160  8:58  Overlord  
  160  8:59  Roach x2  
  160  9:00  Roach  
  175  9:40  Infestation Pit  
  174  9:47  Hydralisk  
  174  9:48  Hydralisk x12  
  174  9:50  Overlord x4  
  174  9:51  Overlord  
  200  10:26  Ravager x2  
  200  10:27  Ravager  
Show
View Real Time Build Order
Export as new Build Order

juhyg Zerg - Winner!

Build Orders: Pool First 

Get SALT Encoding   

  12  0:19  Spawning Pool  
  11  0:22  Drone  
  12  0:31  Overlord  
  12  0:40  Drone x2  
  14  0:53  Overlord  
  14  0:59  Drone  
  15  1:13  Drone  
  15  1:14  Queen  
  18  1:19  Extractor  
  18  1:23  Drone  
  18  1:24  Extractor  
  17  1:47  Drone x2  
  17  1:49  Drone  
  20  1:59  Drone  
  21  2:09  Lair  
  21  2:11  Drone  
  22  2:24  Drone x3  
  22  2:25  Drone  
  26  2:31  Roach Warren  
  25  3:05  Metabolic Boost  
  25  3:16  Hydralisk Den  
  25  3:19  Hatchery  
  23  3:22  Infestation Pit  
  22  3:27  Evolution Chamber, Drone  
  22  3:28  Drone x2  
  24  3:36  Glial Reconstitution  
  24  4:05  Muscular Augments  
  24  4:12  Drone x3  
  24  4:13  Drone x3  
  30  4:24  Hive  
  30  4:46  Zerg Ground Armor Level 1  
  30  5:01  Drone  
  30  5:02  Drone x2  
  30  5:04  Queen  
  35  5:13  Overlord  
  35  5:14  Overlord x3  
  35  5:31  Drone  
  35  5:32  Drone  
  37  5:37  Overseer x2  
  37  5:44  Roach  
  37  5:45  Roach x3  
  45  5:59  Drone x3  
  45  6:03  Extractor  
  47  6:08  Extractor  
  46  6:31  Hydralisk x2  
  46  6:32  Hydralisk x3  
  56  6:40  Zerg Melee Weapons Level 1  
  56  6:48  Drone x4  
  56  6:49  Drone x2  
  62  7:21  Hatchery  
  61  7:25  Hatchery  
  60  8:03  Ultralisk Cavern  
  59  8:06  Hydralisk x4  
  59  8:08  Zergling x2  
  59  8:10  Overlord x6  
  68  8:13  Adrenal Glands  
  68  8:33  Hydralisk x4  
  68  8:34  Hydralisk x2, Zerg Missile Weapons Level 1  
  80  8:42  Drone  
  80  8:43  Drone x2  
  83  8:52  Drone  
  83  8:53  Drone x3  
  87  9:09  Hydralisk x4  
  91  9:10  Hydralisk x3  
  91  9:11  Hydralisk  
  103  9:24  Hydralisk x3  
  103  9:27  Drone x2  
  111  9:31  Overseer  
  111  9:33  Overseer  
  111  9:37  Queen  
  113  10:18  Hydralisk x2  
  113  10:19  Zergling x6  
  113  10:20  Zergling x8  
  128  10:24  Overlord x3  
Show
View Real Time Build Order
Export as new Build Order

A.I. 2 (Easy) Zerg 

Build Orders: Pool First 

Get SALT Encoding   

  12  0:01  Drone  
  13  0:12  Overlord  
  13  0:18  Drone  
  14  0:31  Drone  
  14  0:35  Drone  
  16  0:43  Spawning Pool  
  16  0:46  Drone  
  16  0:49  Extractor  
  15  0:51  Drone  
  16  1:00  Overlord  
  16  1:30  Zergling x2  
  16  1:32  Queen  
  17  1:34  Roach Warren  
  17  1:36  Extractor  
  17  1:39  Drone  
  18  1:43  Drone  
  18  1:44  Zergling x2  
  20  2:07  Overlord  
  20  2:15  Roach  
  22  2:21  Drone  
  23  2:25  Drone  
  24  2:34  Drone  
  25  2:39  Drone  
  25  2:40  Roach  
  25  2:43  Drone  
  29  2:48  Drone  
  30  2:56  Overlord  
  30  3:07  Roach  
  32  5:34  Drone  
  32  5:35  Lair, Overlord, Roach  
  35  5:39  Drone  
  36  5:43  Drone  
  37  5:58  Hatchery  
  37  5:59  Drone  
  36  6:26  Zergling x2  
  36  6:32  Overseer x2  
  30  6:37  Hydralisk Den  
  30  6:38  Drone  
  30  6:43  Roach  
  32  7:01  Roach  
  34  7:11  Drone  
  35  7:15  Drone  
  35  7:18  Roach  
  35  7:20  Drone  
  39  7:24  Drone  
  39  7:28  Drone  
  41  7:33  Drone  
  41  7:34  Hydralisk, Extractor  
  41  7:36  Extractor  
  42  7:37  Drone  
  42  7:41  Drone  
  44  7:45  Drone  
  44  7:50  Drone  
  46  7:51  Hydralisk  
  46  7:54  Drone  
  46  7:57  Overlord  
  48  7:59  Drone  
  48  8:03  Drone  
  50  8:06  Hydralisk  
  50  8:07  Drone  
  50  8:12  Drone  
  51  8:16  Drone  
  45  8:21  Drone, Zergling x2  
  45  8:25  Drone  
  48  8:30  Drone  
  46  8:34  Drone  
  46  8:35  Roach  
  46  8:39  Drone  
  36  8:43  Drone  
  36  8:47  Drone  
  30  8:54  Zergling x2  
  31  9:00  Drone  
  31  9:04  Drone  
  31  9:08  Drone, Hydralisk  
  35  9:16  Drone  
  29  9:27  Roach  
  30  9:32  Drone  
  30  9:36  Drone  
  32  9:41  Drone, Hydralisk  
  34  9:50  Drone  
  33  9:59  Overseer  
  29  10:01  Roach  
  29  10:04  Drone, Overseer  
  29  10:05  Overlord  
  28  10:08  Drone  
  28  10:13  Evolution Chamber  
Show
View Real Time Build Order
Export as new Build Order

A.I. 3 (Easy) Terran 

Build Orders:  

Get SALT Encoding   

  12  0:01  SCV  
  13  0:13  SCV  
  14  0:19  Supply Depot  
  14  0:25  SCV  
  15  0:40  SCV  
  15  0:42  Barracks  
  16  0:46  Refinery  
  16  1:09  Supply Depot  
  16  1:21  Refinery  
  16  1:30  Marine  
  16  1:32  Orbital Command  
  17  1:49  Barracks Tech Lab  
  17  1:57  SCV  
  18  2:07  Marine  
  19  2:10  SCV  
  19  2:12  Supply Depot  
  20  2:22  SCV  
  21  2:25  Marine  
  22  2:34  SCV  
  23  2:43  Marauder  
  25  2:46  SCV  
  26  2:58  SCV  
  27  3:04  Marauder  
  29  5:06  Marine, SCV  
  31  5:08  Supply Depot  
  31  5:15  Factory  
  31  5:18  SCV  
  31  5:19  Command Center  
  32  5:24  Marine  
  33  5:30  SCV  
  33  5:31  Supply Depot  
  34  5:42  Marine, SCV  
  33  6:00  Marauder  
  33  6:02  Starport  
  31  6:22  Marauder  
  33  6:31  SCV  
  34  6:35  SCV  
  35  6:43  Marine, SCV  
  35  6:45  Starport Tech Lab, Refinery  
  35  6:46  Refinery  
  37  6:47  SCV  
  38  6:55  SCV  
  38  6:59  SCV  
  38  7:00  Marine  
  41  7:02  Raven  
  41  7:07  SCV  
  44  7:11  SCV  
  45  7:18  Marine  
  45  7:19  SCV  
  47  7:24  SCV  
  48  7:31  SCV  
  48  7:36  SCV  
  48  7:37  Marauder  
  52  7:43  SCV  
  53  7:45  Raven  
  53  7:48  SCV  
  56  7:56  SCV  
  56  7:58  Marauder  
  59  8:00  SCV  
  60  8:08  SCV  
  60  8:12  SCV  
  62  8:16  Supply Depot  
  62  8:20  SCV  
  62  8:24  SCV  
  64  8:32  SCV  
  65  8:40  Marauder  
  53  9:01  Marauder  
  55  9:22  Marine  
  49  9:34  SCV  
  40  9:39  SCV  
  27  10:18  Command Center  
  26  10:25  Engineering Bay  
Tags
 
Add a new tag
Caveats
  • Supply blocks, unpowered buildings, or Contaminate may cause inaccurate times.
  • Supply counts are checked every 10 seconds.